 Dungeon Sprint DCSS version 0.31-a0-986-g5e6e4ef867 (webtiles) character file.

Game seed: 9741925960785292770

1074 dialectric the Imperceptible (level 8, -3/43 HPs)
             Began as a Spriggan Brigand on Nov 7, 2023.
             Slain by a water moccasin (6 damage)
             ... in the Dungeon (Sprint II: "The Violet Keep of Menkaure").
             The game lasted 00:01:31 (168 turns).

dialectric the Imperceptible (Spriggan Brigand)      Turns: 168, Time: 00:01:31

Health: -3/43      AC:  3    Str:  7    XL:     8   Next: 7%
Magic:  9/9        EV: 20    Int: 13    God:
Gold:   729        SH:  0    Dex: 18    Spells: 7/7 levels left

rFire   . . .        a - +2 dagger
rCold   . . .        (no shield)
rNeg    . . .        b - +0 robe
rPois   .            (helmet restricted)
rElec   .            c - +0 cloak
rCorr   .            (gloves unavailable)
SInv    +            (boots unavailable)
Will    +....        (no amulet)
Stlth   ++++++++     (no ring)
HPRegen 0.27/turn    (no ring)
MPRegen 0.11/turn

%: no teleportation
@: very quick
A: very small, no large weapons, unfitting armour, see invisible, speed 3
a: no special abilities


You were in the Dungeon.
You visited 1 branch You collected 729 gold pieces.

Inventory:

Hand Weapons
 a - a +2 dagger (weapon)
Missiles
 d - 9 poisoned darts
 e - 2 curare-tipped darts (quivered)
Armour
 b - a +0 robe (worn)
 c - a +0 cloak (worn)
Scrolls
 k - a scroll of blinking
Potions
 f - a potion of curing
 h - a potion of haste
 i - 2 potions of magic
 j - a potion of berserk rage


   Skills:
 + Level 5.0 Fighting
 + Level 7.5 Short Blades
 - Level 3.5 Throwing
 + Level 5.1 Dodging
 + Level 22.1 Stealth


You had 7 spell levels left.
You didn't know any spells.
Your spell library was empty.

Dungeon Overview and Level Annotations

Branches:
Dungeon (1/1)

Altars:
Cheibriados
Dithmenos
Elyvilon
Fedhas
Gozag
Hepliaklqana
Kikubaaqudgha
Makhleb
Qazlal
Ru
Sif Muna
Trog
Wu Jian
Jiyva
Lugonu

Shops:
D [*![


Innate Abilities, Weirdness & Mutations

You are very small and have problems with some larger weapons.
You are too small for most types of armour.
You have supernaturally acute eyesight. (SInv)
You cover ground extremely quickly. (Speed+++)


Message History

Found three altars.
Found a hazy altar of Hepliaklqana and a sacrificial altar of Ru.
You open the door.
A polar bear comes into view.
Found 81 gold pieces.
A polar bear comes into view.
Found 13 gold pieces.
There is an open door here.
The helpless polar bear fails to defend itself.
You perforate the polar bear like a sieve!!!!!
You kill the polar bear!
Your Fighting skill increases to level 5!
Your Dodging skill increases to level 5!
Your Stealth skill increases to level 22!
You have reached level 8!
The polar bear growls angrily.
The polar bear misses you. The polar bear claws you. x2
You barely miss the polar bear. The polar bear bites you.
* * * LOW HITPOINT WARNING * * *
The polar bear completely misses you. The polar bear claws you.
* * * LOW HITPOINT WARNING * * *
Unknown command.
A water moccasin comes into view.
There is an open door here.
You close the door.
Found a stormy altar of Qazlal and an ornate altar of the Wu Jian Council.
The water moccasin hisses angrily.
You hit the water moccasin.
The water moccasin is lightly wounded.
The water moccasin bites you!
* * * LOW HITPOINT WARNING * * *
You hit the water moccasin but do no damage.
The water moccasin is lightly wounded.
The water moccasin closely misses you.
You closely miss the water moccasin.
The water moccasin is lightly wounded.
You hit the water moccasin.
The water moccasin is lightly wounded.
The water moccasin bites you.
You die...

......# .. #'##..# #.
...##.#### +.### †#..#
...# ...#
.#.####..#####..#
#†###.##..#$h+..#
#.##B..#..#.$#..#
.<.+###+..####..###
#.##$B.#....###.@S##▓▓
#'# #.##......~~~~~~~~~~
#.#####~~.....~#+#######
.#†.#~~~~~~~..~#....._..
.#.##§§~§~~~~.~#...._._.
#'##~~§≈≈≈~§~§~#..._._._
~~~~~~§~§≈§§§~~#.._._._.
+#+++#§§§§≈≈≈≈~#._._._._
§§§ ##§§≈###≈§#_._._.


You could see a water moccasin.

Vanquished Creatures
  A polar bear (D)
  2 wyverns (D)
  Menkaure (D)
  4 necrophages (D)
  4 scorpions (D)
12 creatures vanquished.

Notes
Turn   | Place    | Note
-------+----------+-------------------------------------------
     0 | D        | dialectric the Spriggan Brigand began the quest for the
                  | Orb.
     0 | D        | Reached XP level 1. HP: 10/10 MP: 2/2
     1 | D        | Noticed a wyvern
     1 | D        | Noticed a wyvern
     5 | D        | Killed a wyvern
     6 | D        | Reached skill level 14 in Stealth
     6 | D        | Reached XP level 2. HP: 16/16 MP: 3/3
     6 | D        | Reached XP level 3. HP: 19/19 MP: 4/4
     6 | D        | Reached XP level 4. HP: 23/23 MP: 5/5
     6 | D        | Reached XP level 5. HP: 28/28 MP: 6/6
    12 | D        | Killed a wyvern
    13 | D        | Reached skill level 17 in Stealth
    13 | D        | Reached XP level 6. HP: 16/32 MP: 7/7
    21 | D        | Noticed a boulder beetle
    21 | D        | Noticed a boulder beetle
    33 | D        | Reached skill level 18 in Stealth
    34 | D        | Reached skill level 5 in Short Blades
    34 | D        | Reached skill level 19 in Stealth
    72 | D        | Reached XP level 7. HP: 22/37 MP: 8/8
    77 | D        | Noticed an ice statue
    79 | D        | Noticed Menkaure
    80 | D        | Found Radol's Distillery.
    80 | D        | Found Zyez's Armour Emporium.
    92 | D        | Killed Menkaure
    93 | D        | Reached skill level 20 in Stealth
    93 | D        | Found Wotwil's Armour Shoppe.
    93 | D        | Found Ziqoeg's Assorted Antiques.
   110 | D        | Reached skill level 21 in Stealth
   146 | D        | Found a blossoming altar of Fedhas.
   147 | D        | Found a white marble altar of Elyvilon.
   147 | D        | Found an opulent altar of Gozag.
   147 | D        | Found a burning altar of Makhleb.
   148 | D        | Found a shadowy altar of Dithmenos.
   148 | D        | Found a corrupted altar of Lugonu.
   149 | D        | Found a snail-covered altar of Cheibriados.
   149 | D        | Found an ancient bone altar of Kikubaaqudgha.
   149 | D        | Found a bloodstained altar of Trog.
   150 | D        | Found a viscous altar of Jiyva.
   150 | D        | Found a shimmering blue altar of Sif Muna.
   151 | D        | Found a hazy altar of Hepliaklqana.
   151 | D        | Found a sacrificial altar of Ru.
   154 | D        | Noticed a polar bear
   155 | D        | Noticed a polar bear
   156 | D        | Killed a polar bear
   157 | D        | Reached skill level 5 in Fighting
   157 | D        | Reached skill level 5 in Dodging
   157 | D        | Reached skill level 22 in Stealth
   157 | D        | Reached XP level 8. HP: 17/43 MP: 9/9
   164 | D        | Found a stormy altar of Qazlal.
   164 | D        | Found an ornate altar of the Wu Jian Council.
   168 | D        | Slain by a water moccasin

Illustrated notes

Levels and vault maps discovered:
D:        the_violet_keep_of_menkaure [sprint2_stairs_cluster_1,
          sprint2_shoproom, sprint2_temple, sprint2_basic_supplies,
          sprint2_obstacle_5, sprint2_obstacle_1, sprint2_obstacle_2,
          sprint2_obstacle_6, sprint2_obstacle_3, sprint2_timed_cluster_1,
          sprint2_smallroom_cluster_1, sprint2_smallroom_final_cluster_1,
          sprint2_transparent_cluster_1, sprint2_second_timed_cluster_1,
          sprint2_sniper_area_1, sprint2_heavy_combat_area_1,
          sprint2_mutation_trap_area_1, sprint2_forest_area_1,
          sprint2_light_combat_area_1, sprint2_behind_water_1,
          sprint2_near_end_vault_1]

Skill      XL: |  1  2  3  4  5  6  7 |
---------------+----------------------+-----
Fighting       | 2 3 4 5 |  5.0
Short Blades   | 3 4 5 7 |  7.5
Throwing       | 3 |  3.5
Stealth        | 14 17 19 22 | 22.1
Dodging        | 2 3 5 |  5.1

Action                     |  1- 3 |  4- 6 |  7- 9 || total
---------------------------+-------+-------+-------++-------
  Melee: Dagger            |     2 |    33 |    40 ||    75
         Punch             |       |     1 |       ||     1
  Throw: Dart              |       |     3 |       ||     3
    Use: Potion            |       |     1 |       ||     1
   Stab: Sleeping          |     1 |     2 |     4 ||     7
 Armour: Robe              |     1 |    12 |    12 ||    25
  Dodge: Dodged            |     2 |    14 |    21 ||    37

Table legend: (Time is in decaauts)
 A = Elapsed time spent in this place.
 B = Non-inter-level travel time spent in this place.
 C = Inter-level travel time spent in this place.
 D = Time resting spent in this place.
 E = Time spent auto-exploring this place.
 F = Levels seen in this place.
 G = Mean time per level.
                   A        B        C        D        E       F      G
               +--------+--------+--------+--------+--------+-----+--------+
         Total |    120 |    120 |      0 |      0 |      0 |   1 |  120.0 |
       Dungeon |    120 |    120 |      0 |      0 |      0 |   1 |  120.0 |
               +--------+--------+--------+--------+--------+-----+--------+

Top non-repeatable levels by time:
       D: 120 daAuts
